Map: Catalyst LE

Players

uncommon

  • Race: Zerg Zerg
  • Spawn Location: 5:00

foxer - Winner!

  • Race: Terran Terran
  • Spawn Location: 11:00

Event: WCS Austin 2018

VOD

Have the link to the VOD?

Description

Time

  • Played on: June 1, 2018, 2:05 p.m.
  • Length: 9:41

All games in this series

Show
View Real Time Build Order
Export as new Build Order

uncommon Zerg 

Build Orders: Hatch First, Zergling Baneling 

Get SALT Encoding   

  12  0:01  Drone  
  13  0:13  Overlord  
  13  0:18  Drone  
  14  0:31  Drone x2  
  14  0:35  Drone  
  17  0:53  Hatchery  
  16  0:57  Drone  
  16  0:59  Drone  
  16  1:01  Extractor  
  17  1:16  Spawning Pool  
  16  1:20  Drone  
  16  1:25  Drone  
  18  1:28  Drone  
  19  1:39  Drone  
  20  1:49  Overlord  
  20  2:03  Queen, Metabolic Boost  
  20  2:05  Queen  
  24  2:09  Zergling x2  
  24  2:12  Zergling x2  
  26  2:20  Baneling Nest  
  26  2:21  Zergling x2  
  26  2:25  Zergling x2  
  26  2:28  Zergling x2  
  28  2:35  Zergling x4  
  30  2:38  Zergling x2  
  30  2:46  Zergling x2  
  30  2:48  Zergling x2  
  32  2:55  Zergling x2  
  33  3:05  Overlord x2  
  33  3:11  Baneling x4  
  33  3:13  Baneling  
  33  3:21  Zergling x6  
  35  3:39  Zergling x8  
  35  3:40  Zergling x2  
  36  3:41  Zergling x2  
  34  3:51  Zergling x2  
  34  3:52  Zergling x2  
  34  3:58  Baneling x3  
  34  3:59  Baneling x2  
  34  4:01  Zergling x4  
  36  4:05  Baneling  
  36  4:10  Zergling x2  
  36  4:12  Zergling x2  
  38  4:21  Zergling x2  
  39  4:26  Zergling x2  
  38  4:37  Zergling x6  
  38  4:38  Zergling x4  
  39  4:39  Zergling x2  
  41  4:47  Zergling x8  
  42  4:54  Zergling x2  
  38  5:00  Baneling  
  38  5:02  Zergling x2  
  37  5:08  Zergling x4  
  37  5:15  Zergling x6  
  38  5:23  Queen  
  38  5:25  Baneling  
  39  5:29  Baneling  
  39  5:30  Baneling  
  39  5:34  Zergling x2  
  39  5:39  Zergling x2  
  39  5:40  Zergling x2  
  39  5:47  Zergling x6  
  36  5:51  Baneling x2  
  36  5:54  Zergling x2  
  36  6:00  Zergling x2  
  36  6:03  Zergling x2  
  37  6:04  Baneling  
  37  6:05  Baneling  
  37  6:08  Zergling x2  
  37  6:11  Zergling x2  
  39  6:15  Zergling x2  
  39  6:18  Zergling x2  
  41  6:20  Baneling x2  
  41  6:25  Zergling x2  
  42  6:35  Zergling x6  
  41  6:53  Zergling x12  
  45  6:56  Baneling  
  41  7:02  Zergling x2  
  41  7:05  Zergling x2  
  39  7:14  Zergling x4  
  39  7:15  Zergling x2  
  39  7:18  Zergling x4  
  39  7:22  Zergling x2  
  39  7:26  Baneling x2  
  39  7:27  Baneling  
  39  7:29  Baneling  
  39  7:30  Baneling  
  39  7:32  Baneling  
  39  7:34  Baneling  
  39  7:35  Baneling  
  39  7:42  Zergling x4  
  41  7:45  Zergling x2  
  41  7:50  Zergling x2  
  43  7:54  Zergling x2  
  43  7:55  Zergling x2  
  45  7:58  Zergling x2  
  45  8:01  Zergling x2  
  44  8:11  Zergling x4  
  35  8:13  Drone  
  35  8:17  Drone  
  37  8:23  Drone  
  38  8:31  Drone  
  38  8:32  Drone  
  40  8:36  Drone  
  40  8:41  Drone  
  42  8:43  Drone  
  42  8:45  Drone  
  43  8:48  Drone  
  43  8:51  Baneling x2  
  44  8:58  Zergling x2  
  44  8:59  Zergling x4  
  44  9:00  Baneling  
  44  9:01  Baneling  
  47  9:03  Zergling x2  
  48  9:10  Drone x2  
  48  9:11  Drone  
  48  9:12  Zergling x2  
  52  9:23  Zergling x6  
Show
View Real Time Build Order
Export as new Build Order

foxer Terran - Winner!

Build Orders: Reaper Expand 

Get SALT Encoding   

  12  0:00  SCV  
  13  0:13  SCV  
  14  0:18  Supply Depot  
  14  0:25  SCV  
  15  0:39  SCV  
  15  0:42  Barracks  
  16  0:46  Refinery  
  16  0:51  SCV  
  17  1:03  SCV  
  18  1:15  SCV  
  19  1:29  Orbital Command, Reaper  
  20  1:39  Command Center  
  20  1:51  Barracks  
  20  1:54  SCV  
  21  2:01  Barracks Reactor  
  21  2:04  Supply Depot  
  21  2:07  SCV  
  22  2:14  Refinery  
  22  2:20  SCV  
  23  2:31  Factory  
  23  2:32  SCV  
  24  2:37  Barracks Tech Lab  
  24  2:44  Marine x2, SCV  
  27  2:52  Orbital Command  
  28  3:01  Marine  
  28  3:04  Stimpack, Marine  
  30  3:07  Bunker  
  30  3:09  SCV  
  30  3:13  Marine  
  30  3:18  Marine, SCV  
  33  3:21  SCV  
  33  3:24  Marine  
  33  3:26  Widow Mine  
  37  3:30  SCV  
  37  3:31  Marine  
  38  3:41  SCV  
  38  3:46  SCV  
  38  3:59  Factory Reactor  
  38  4:01  Starport  
  38  4:06  Supply Depot  
  38  4:18  Barracks x2  
  38  4:27  Marine x2, SCV x2  
  38  4:31  Barracks  
  42  4:36  Marine  
  33  4:40  SCV  
  33  4:45  Marine, SCV  
  30  4:52  SCV  
  30  4:54  Marine  
  30  4:57  SCV  
  28  5:03  Marine  
  28  5:05  SCV  
  29  5:08  Marine x2  
  29  5:09  SCV  
  29  5:13  Supply Depot  
  32  5:19  Barracks Reactor  
  32  5:21  Marine x2  
  26  5:25  Marine  
  27  5:30  Marine  
  27  5:31  Marine  
  24  5:56  Orbital Command  
  24  5:59  Barracks Reactor  
  24  6:05  Medivac  
  24  6:07  Marine  
  24  6:10  Marine  
  28  6:12  Marine  
  28  6:17  Marine  
  30  6:25  Widow Mine, Marine  
  33  6:28  Marine  
  33  6:30  Marine  
  35  6:34  Marine  
  33  6:42  Marine  
  33  6:46  Marine  
  33  6:47  Marine  
  33  6:52  Marine  
  32  6:56  Supply Depot  
  32  6:57  Supply Depot  
  32  7:00  Marine  
  30  7:10  Marine  
  30  7:12  Marine x2  
  28  7:18  Marine, SCV x2  
  28  7:20  Marine  
  32  7:25  Medivac  
  32  7:27  Marine  
  32  7:29  Marine  
  35  7:30  Marine  
  35  7:36  Marine  
  38  7:37  Supply Depot  
  38  7:38  Marine  
  38  7:40  Orbital Command  
  38  7:41  Medivac  
  41  7:45  Marine  
  41  7:50  Marine, SCV  
  44  7:52  Marine  
  45  7:59  Widow Mine  
  45  8:03  Marine x3  
  50  8:08  Marine  
  50  8:10  Marine  
  50  8:11  Medivac  
  49  8:16  SCV  
  49  8:18  SCV  
  51  8:21  Marine  
  51  8:24  Marine  
  51  8:25  Marine  
  54  8:34  Supply Depot  
  54  8:37  Supply Depot  
  54  8:55  Marine x4, SCV  
  59  9:03  SCV  
  64  9:18  Marauder, Barracks Reactor x3  
  63  9:32  Factory Reactor  
  65  9:39  Supply Depot  
Tags
 
Add a new tag
Caveats
  • Supply blocks, unpowered buildings, or Contaminate may cause inaccurate times.
  • Supply counts are checked every 10 seconds.